 Dungeon Crawl Stone Soup version 0.24-a0-7-g1bb0902 (webtiles) character file.

Game seed: 10976449286801293903

552 DekuTree the Covered (level 7, 0/53 HPs)
             Began as a Demonspawn Wanderer on Jan 30, 2019.
             Was an Initiate of Gozag.
             Killed from afar by an electric eel (10 damage)
             ... with a bolt of electricity
             ... on level 3 of the Dungeon.
             The game lasted 00:07:47 (4303 turns).

DekuTree the Covered (Demonspawn Wanderer)          Turns: 4303, Time: 00:07:48

Health: 0/53       AC: 11    Str: 15    XL:     7   Next: 8%
Magic:  7/7        EV:  8    Int: 13    God:    Gozag
Gold:   830        SH:  4    Dex: 12    Spells: 6/6 levels left

rFire    . . .     SeeInvis .     - Unarmed
rCold    . . .     Gourm    .   h - +0 buckler
rNeg     . . .     Faith    .   a - +2 scale mail
rPois    .         Spirit   .   (helmet restricted)
rElec    .         Reflect  .   l - +1 cloak
rCorr    .         Harm     .   (no gloves)
MR       .....                  (no boots)
Stlth    ..........             (no amulet)
HPRegen  0.17/turn              (no ring)
MPRegen  0.10/turn              (no ring)

@: very slightly contaminated, hasted, very quick
A: antennae 1, claws 2, hooves 1, demonic guardian 1
a: Potion Petition, Call Merchant, Bribe Branch, Renounce Religion


You were on level 3 of the Dungeon.
You worshipped Gozag.
Gozag was pleased with you.
You were not hungry.

You visited 1 branch of the dungeon, and saw 3 of its levels.
You also visited: Sewer.

You collected 845 gold pieces.
You paid 15 gold pieces to Gozag.

Inventory:

Armour
 a - a +2 scale mail (worn)
 g - a scarf of repulsion
 h - a +0 buckler (worn)
 l - a +1 cloak (worn)
Wands
 f - a wand of flame (16)
Scrolls
 b - a scroll of fear
 c - 2 scrolls of identify
 d - 3 scrolls of remove curse
 e - a scroll of immolation
Potions
 j - a potion of haste


   Skills:
 + Level 3.9 Fighting
   Level 2.0 Maces & Flails
   Level 1.0 Crossbows
 + Level 4.3 Armour
 - Level 1.7 Stealth
 + Level 2.0 Shields
 * Level 4.1 Unarmed Combat


You had 6 spell levels left.
You didn't know any spells.
Your spell library was empty.

Dungeon Overview and Level Annotations

Branches:
Dungeon (3/15)

Altars:
Gozag
Uskayaw
Wu Jian

Shops:
D:3 *

Annotations:
D:3 1 transporter


Innate Abilities, Weirdness & Mutations

You have a pair of small antennae on your head.
You have very sharp fingernails.
You have large cloven feet.
A weak demonic guardian rushes to your aid.


Message History

There is a transporter landing site here.
Your ufetubus hits the plant but does no damage. x2
The electric eel shoots out a bolt of lightning at you!
The bolt of electricity hits you. The bolt of electricity hits you!
* * * LOW HITPOINT WARNING * * *
You see here a short sword.
There is a transporter landing site here.
Okay, then.
Okay, then.
It was a potion of haste.
You feel yourself speed up.
There is a transporter landing site here.
Blink to where?
Press: ? - help, Dir - move target cursor, p - electric eel You are very lightly contaminated with residual magic.
As you read the scroll of blinking, it crumbles to dust.
Your ufetubus hits the plant but does no damage. x2
The electric eel shoots out a bolt of lightning at you!
The bolt of electricity hits you!
You die...
Your body crumbles into a pile of gold.

##.....#######.#
#.....#8.§)8#.#
#...#.#P5..P#.#
#...#.###'###.#
#...#.#;...;#.#
#...#.#;...≈#.#
###...#.#≈/..≈#.#
........#≈.⌠.≈#.#
.....>..#≈.@.≈#.#
........#≈$..≈#.#
........#5...≈#.#
........###+###.#
........#P.(.P#.#
........#8.©.8#.#
###..#..#######.#
#...#.....©....#
#...#.......####


You could see 3 electric eels, a friendly quasit and a friendly ufetubus.

Vanquished Creatures
  An orc priest (D:3)
  Robin (D:3)
  5 gnolls
  A river rat (D:3)
  7 adders
  10 oozes
  3 worms
  2 dart slugs (D:2)
  13 leopard geckos
  2 orcs (D:3)
  11 bats
  13 giant cockroaches
  14 goblins
  7 hobgoblins
  5 jackals
  6 kobolds
  9 ball pythons (Sewer)
  16 frilled lizards
  10 rats
136 creatures vanquished.

Vanquished Creatures (collateral kills)
  A sky beast (D:2)
  A bullfrog (Sewer)
  An orc priest (D:3)
  Natasha (thrice) (D:2)
  A gnoll (D:2)
  A leopard gecko (Sewer)
  An orc (D:3)
  A hobgoblin (D:3)
  A kobold (D:2)
  A frilled lizard (Sewer)
12 creatures vanquished.

Grand Total: 148 creatures vanquished

Notes
Turn   | Place    | Note
-------+----------+-------------------------------------------
     0 | D:1      | DekuTree the Demonspawn Wanderer began the quest for the
                  | Orb.
     0 | D:1      | DekuTree set off with the following items: a +2 scale mail,
                  | 2 potions of curing, a +0 club, a +0 dagger, a ration
     0 | D:1      | Reached XP level 1. HP: 16/16 MP: 1/1
    91 | D:1      | Gained mutation: You have large cloven feet. [demonic
                  | ancestry]
    91 | D:1      | Reached XP level 2. HP: 21/22 MP: 2/2
   728 | D:1      | Reached skill level 1 in Unarmed Combat
   728 | D:1      | Gained mutation: A weak demonic guardian rushes to your
                  | aid. [demonic ancestry]
   728 | D:1      | Reached XP level 3. HP: 9/28 MP: 3/3
  1421 | D:2      | Noticed Natasha
  1437 | D:2      | HP: 1/28 [Natasha (3)]
  1459 | D:2      | Killed Natasha
  1459 | D:2      | Gained mutation: You have sharp fingernails. [demonic
                  | ancestry]
  1459 | D:2      | Reached XP level 4. HP: 3/34 MP: 4/4
  1478 | D:2      | Noticed Natasha
  1489 | D:2      | Killed Natasha
  1928 | D:2      | Found an opulent altar of Gozag.
  1940 | D:2      | Became a worshipper of Gozag Ym Sagoz the Greedy
  1946 | D:2      | Noticed Natasha
  1953 | D:2      | Killed Natasha
  2052 | D:2      | Gained mutation: You have a pair of small antennae on your
                  | head. [demonic ancestry]
  2052 | D:2      | Reached XP level 5. HP: 34/41 MP: 5/5
  2087 | D:2      | Found an ornate altar of the Wu Jian Council.
  2264 | D:2      | Found a hide-covered altar of Uskayaw.
  2611 | D:2      | Noticed a sky beast
  2669 | D:2      | Killed a sky beast
  2669 | D:2      | Reached skill level 1 in Shields
  2669 | D:2      | Reached XP level 6. HP: 13/47 MP: 6/6
  3183 | D:3      | Found a glowing drain.
  3187 | Sewer    | Entered a sewer
  3722 | D:3      | Found an opulent altar of Gozag.
  3726 | D:3      | Found Gozag's Platinum Reserve.
  3726 | D:3      | Noticed Robin
  3777 | D:3      | Killed Robin
  3837 | D:3      | Gained mutation: You have very sharp fingernails. [demonic
                  | ancestry]
  3837 | D:3      | Reached XP level 7. HP: 23/53 MP: 7/7
  4212 | D:3      | Found a transporter.
  4231 | D:3      | Found a transporter.
  4303 | D:3      | Killed from afar by an electric eel

Vault maps used:
D:1:      roderic_crossed_star
D:2:      overflow_temple_1_default, old_standard_altar,
          eat_drink_and_be_merry_uskayaw, serial_park_tiny_pond,
          kennysheep_generic_room_8, uniq_natasha
D:3:      gammafunk_steamed_eel, gup_sewer_entry_spiral, serial_curves,
          eino_curves_03, eino_curves_04, nicolae_gozag_zags_fifth_avenue,
          uniq_robin
Sewer:    sewer_frog_island_02

Skill      XL: |  1  2  3  4  5  6  7 |
---------------+----------------------+-----
Maces & Flails | 2 |  2.0
Armour         | 3 4 |  4.3
Unarmed Combat | 1 2 3 4 |  4.1
Fighting       | 3 |  3.9
Shields        | 1 2 |  2.0
Crossbows      | |  1.0
Stealth        | |  1.7

Action                   |  1- 3 |  4- 6 |  7- 9 || total
-------------------------+-------+-------+-------++-------
Melee: Club              |    26 |       |       ||    26
       Unarmed           |   159 |   370 |    23 ||   552
       Kick              |    36 |    65 |     2 ||   103
  Use: Potion            |     5 |     2 |     1 ||     8
       Scroll            |       |     4 |     1 ||     5
  Eat: Ration            |     1 |     2 |     1 ||     4
Armor: Scale mail        |   133 |   193 |     9 ||   335
       Skin              |     2 |       |       ||     2
Dodge: Dodged            |   104 |   160 |     7 ||   271
Block: Buckler           |       |    52 |     5 ||    57

Table legend:
 A = Non-vault XP
 B = Vault XP
 C = Vault XP percentage of total XP
 D = Non-vault monster count
 E = Vault monster count
 F = Vault count percentage of total count
                 A         B        C        D         E       F
            +---------+---------+-------+---------+---------+-------
      Total |     454 |     335 |  42.5 |      71 |      77 |  52.0
            +---------+---------+-------+---------+---------+-------
        D:1 |      52 |       0 |   0.0 |      20 |       0 |   0.0
        D:2 |     308 |      34 |   9.9 |      35 |       3 |   7.9
        D:3 |      94 |      71 |  43.0 |      16 |      17 |  51.5
      Sewer |       0 |     230 | 100.0 |       0 |      57 | 100.0
            +---------+---------+-------+---------+---------+-------
